 Dungeon Crawl Stone Soup version 0.24.0-35-gdb84b6a5db (webtiles) character file.

Game seed: 15662721303594494474, levelgen mode: deterministic

75 Nattfarinn the Insei (level 4, -1/28 HPs)
             Began as an Octopode Transmuter on Nov 18, 2019.
             Succumbed to a gnoll's poison
             ... on level 2 of the Dungeon.
             The game lasted 00:03:30 (2267 turns).

Nattfarinn the Insei (Octopode Transmuter)          Turns: 2267, Time: 00:03:31

Health: -1/28      AC:  1    Str: 10    XL:     4   Next: 31%
Magic:  6/7        EV: 13    Int: 15    God:
Gold:   111        SH:  0    Dex: 12    Spells: 3/7 levels left

rFire    . . .     SeeInvis .     - Unarmed
rCold    . . .     Gourm    .   (no shield)
rNeg     . . .     Faith    .   (helmet restricted)
rPois    .         Spirit   .   (no amulet)
rElec    .         Reflect  .   (no ring)
rCorr    .         Harm     .   (no ring)
MR       .....                  (no ring)
Stlth    ++........             (no ring)
HPRegen  0.09/turn              (no ring)
MPRegen  0.10/turn              (no ring)
                                (no ring)
                                (no ring)

@: lethally poisoned (-1 -> -9)
A: almost no armour, stealthy swim, amphibious, 8 rings, constrict 8, camouflage
1, gelatinous body 1
a: no special abilities


You were on level 2 of the Dungeon.
You were not hungry.

You visited 1 branch of the dungeon, and saw 3 of its levels.

You collected 111 gold pieces.

Inventory:

Missiles
 a - 28 arrows
Scrolls
 d - 2 scrolls of remove curse
 g - a scroll of fear
Potions
 f - a potion of heal wounds {unknown}
 h - a potion of curing {unknown}
 j - a potion of resistance {unknown}
 k - a potion of invisibility {unknown}
Comestibles
 c - 3 rations


   Skills:
 - Level 1.0 Fighting
 - Level 2.0 Dodging
 * Level 3.6 Unarmed Combat
 - Level 2.0 Spellcasting
 - Level 3.5 Transmutations
 + Level 1.4 Poison Magic


You had 3 spell levels left.
You knew the following spells:

 Your Spells              Type           Power        Failure   Level  Hunger
a - Beastly Appendage     Tmut           ##....       5%          1    #......
b - Spider Form           Tmut/Pois      #.........   24%         3    ###....

Your spell library contained the following spells:

 Spells                   Type           Power        Failure   Level  Hunger
 Sticks to Snakes         Tmut           ##......     8%          2    ###....
 Ice Form                 Ice/Tmut       #.......     71%         4    #####..
 Blade Hands              Tmut           ##........   82%         5    ######.


Dungeon Overview and Level Annotations

Branches:
Dungeon (3/15)

Altars:
The Shining One


Innate Abilities, Weirdness & Mutations

You cannot wear most types of armour.
You are very stealthy in the water. (Stealth+)
You are amphibious.
You can wear up to eight rings at the same time.
You can use your tentacles to constrict eight enemies at once.
Your skin changes colour to match your surroundings (Stealth+).
Your rubbery body absorbs attacks. (AC +1, EV +1)


Message History

You hit the giant cockroach but do no damage.
The giant cockroach is poisoned.
The giant cockroach misses you.
Your transformation is almost over.
You kill the giant cockroach!
You open the door. The gnoll misses you.
You closely miss the gnoll. You hit the gnoll.
The gnoll is poisoned.
The gnoll is lightly wounded.
The gnoll completely misses you.
There is an open door here.
Your transformation has ended.
Things that are here:
a +0 hand axe; an orc skeleton You see here a +0 club.
There is a stone staircase leading up here.
The gnoll hits you with a +1 flail of venom!
* * * LOW HITPOINT WARNING * * *
You are lethally poisoned!
You climb upwards.
You die...

######### #.......#
##.#####.# ##
####........# #.
#.......##### ##'
###g##....#...####..
#..@......(.....##.#
###.###.....#.####.#
#.###.#.#.#.# #.#
#.##....#.#.# ##.#
###.#####...#####..#
#......##...# ##..##
#...........###....#
#....รท......##......
###.........#######.


You could see a gnoll.

Vanquished Creatures
  An adder (D:3)
  An ooze (D:1)
  A worm (D:2)
  2 dart slugs
  3 leopard geckos
  4 orcs (D:3)
  3 ball pythons
  5 bats
  3 giant cockroaches
  4 goblins
  4 hobgoblins
  A quokka (D:2)
  5 frilled lizards
  7 kobolds
  6 rats
50 creatures vanquished.

Notes
Turn   | Place    | Note
-------+----------+-------------------------------------------
     0 | D:1      | Nattfarinn the Octopode Transmuter began the quest for the
                  | Orb.
     0 | D:1      | Reached XP level 1. HP: 13/13 MP: 3/3
   248 | D:1      | Reached XP level 2. HP: 10/18 MP: 5/5
   506 | D:1      | You fall into a shaft and drop 1 floor!
   807 | D:1      | Reached XP level 3. HP: 23/23 MP: 6/6
   967 | D:1      | Learned a level 3 spell: Spider Form
  1515 | D:2      | Found a glowing golden altar of the Shining One.
  1775 | D:2      | Reached skill level 1 in Poison Magic
  1970 | D:3      | Reached XP level 4. HP: 26/28 MP: 7/7
  2266 | D:3      | HP: 1/28 [gnoll/+1 flail of venom (12)]
  2267 | D:2      | Succumbed to a gnoll's poison

Levels and vault maps discovered:
D:1:      psy_arrival_spokes, layout_basic
D:2:      layout_basic, nicolae_tso_swordbearing_angel
D:3:      layout_basic, portal_sewer_entry_d, small_statue_intersection,
          grunt_gozag_statues

Skill      XL: |  1  2  3 |
---------------+----------+-----
Transmutations | 3 |  3.5
Poison Magic   | 1 |  1.4
Fighting       | |  1.0
Dodging        | |  2.0
Unarmed Combat | |  3.6
Spellcasting   | |  2.0

Action                   |  1- 3 |  4- 6 || total
-------------------------+-------+-------++-------
Melee: Unarmed           |   107 |    19 ||   126
       Constrict         |    27 |     3 ||    30
       Tentacles         |    15 |     3 ||    18
 Cast: Spider Form       |       |     1 ||     1
  Use: Scroll            |       |     4 ||     4
 Stab: Sleeping          |    10 |       ||    10
  Eat: Chunk             |     3 |     1 ||     4
Armor: Skin              |    11 |     2 ||    13
Dodge: Dodged            |    55 |    22 ||    77
